 Dungeon Crawl Stone Soup version 0.28-a0-863-g8cecda6153 (webtiles) character file.

Game seed: 18393737689835945685

173 bjtr the Digger (level 5, -2/54 HPs)
             Began as a Formicid Earth Elementalist on Nov 18, 2021.
             Was an Initiate of Sif Muna.
             Succumbed to a scorpion's poison
             ... on level 4 of the Dungeon.
             The game lasted 00:22:02 (5286 turns).

bjtr the Digger (Formicid Earth Elementalist)       Turns: 5286, Time: 00:22:03

Health: -2/54      AC: 22    Str: 13    XL:     5   Next: 83%
Magic:  7/10       EV:  2    Int: 15    God:    Sif Muna [......]
Gold:   192        SH:  0    Dex: 11    Spells: 5/11 levels left

rFire   . . .      SeeInvis .   r - +0 flail
rCold   . . .      Faith    .   (no shield)
rNeg    . . .      Spirit   .   (armour currently unavailable)
rPois   +          Reflect  .   (helmet unavailable)
rElec   .          Harm     .   (cloak currently unavailable)
rCorr   .          Rampage  .   (gloves currently unavailable)
Will    .....                   (boots currently unavailable)
Stlth   ++........              (no amulet)
HPRegen 0.18/turn               v - ring of wizardry
MPRegen 0.12/turn               x - ring of poison resistance

@: lethally poisoned (-2 -> -17), tree-form
A: stationary, stasis, torment immunity, boosted hp, permanent stasis, dig
shafts and tunnels, (antennae 3), four strong arms
a: Renounce Religion


You were on level 4 of the Dungeon.
You worshipped Sif Muna.
Sif Muna was noncommittal.
You were a tree.
You visited 2 branches of the dungeon, and saw 5 of its levels.

You collected 192 gold pieces.

Inventory:

Hand Weapons
 f - a +0 trident
 p - a +0 short sword
 r - a +0 flail (weapon)
 s - a +0 hunting sling of freezing
 y - a +1 whip of draining
Missiles
 a - 20 poisoned darts
 c - 117 stones
 e - 2 boomerangs
 j - 2 curare-tipped darts
 o - 2 javelins
Armour
 b - a +0 robe
 l - a +0 leather armour (melded)
 q - a +0 ring mail
Jewellery
 d - a ring of protection from fire
 v - a ring of wizardry (left branch)
 x - a ring of poison resistance (right branch)
Wands
 n - a wand of acid (5)
Potions
 g - a potion of brilliance
 i - a potion of cancellation {unknown}
 t - a potion of degeneration {unknown}
 u - a potion of might {unknown}


   Skills:
 + Level 0.9 Fighting
 + Level 1.3 Armour
 + Level 2.4 Dodging
 + Level 3.1 Stealth
 + Level 3.5 Spellcasting
 - Level 1.1 Transmutations
 * Level 5.0 Earth Magic


You had 5 spell levels left.
You knew the following spells:

 Your Spells              Type           Power      Damage    Failure   Level
a - Sandblast             Erth           34%        2d9       1%          1
b - Passwall              Tmut/Erth      9%         N/A       3%          2
c - Stone Arrow           Conj/Erth      20%        3d8       9%          3

Your spell library contained the following spells:

 Spells                   Type           Power      Damage    Failure   Level
 Petrify                  Tmut/Erth      11%        N/A       21%         4
 Airstrike                Air            1%         N/A       56%         4
 Summon Lightning Spire   Summ/Air       2%         N/A       56%         4
 Lightning Bolt           Conj/Air       1%         1d12      88%         5
 Conjure Ball Lightning   Conj/Air       1%         3x3d6     100%        6
 Discord                  Hex            1%         N/A       100%        8
 Disjunction              Tloc           1%         N/A       100%        8


Dungeon Overview and Level Annotations

Branches:
Dungeon (4/15)             Temple (1/1) D:4

Altars:
Ashenzari
Cheibriados
Dithmenos
Elyvilon
Gozag
Hepliaklqana
Kikubaaqudgha
Makhleb
Nemelex Xobeh
Okawaru
Qazlal
Sif Muna
Vehumet
Wu Jian
Xom
Yredelemnul
Zin


Innate Abilities, Weirdness & Mutations

You are a tree.
Your roots penetrate the ground, keeping you stationary.
You cannot be teleported.
You are immune to unholy pain and torment.
Your maximum health is greatly increased.
Your equipment is partially melded.
You cannot be hasted, slowed, berserked, paralysed or teleported.
You can dig through walls and to a lower floor.
((You have a pair of large antennae on your head. (SInv)))
Your four strong arms can wield two-handed weapons with a shield.


Message History

Press: ? - help, Shift-Dir - straight line, f/p - scorpion
Aim: a scorpion (heavily wounded, 79% to hit)
The blast of sand hits the scorpion but does no damage.
The scorpion is heavily wounded.
The scorpion stings you.
Casting: Sandblast (safe; 1% risk of failure)
Confirm with . or Enter, or press ? or * to list all spells.
Aiming: Sandblast (safe; 1% risk of failure)
Press: ? - help, Shift-Dir - straight line, f/p - scorpion
Aim: a scorpion (heavily wounded, 79% to hit)
The blast of sand misses the scorpion.
The scorpion stings you. The scorpion stings you!
Casting: Sandblast (safe; 1% risk of failure)
Confirm with . or Enter, or press ? or * to list all spells.
Aiming: Sandblast (safe; 1% risk of failure)
Press: ? - help, Shift-Dir - straight line, f/p - scorpion
Aim: a scorpion (heavily wounded, 79% to hit)
The blast of sand misses the scorpion.
The scorpion stings you.
You are poisoned.
The scorpion poisons you!
You hit the scorpion but do no damage.
The scorpion is heavily wounded.
You feel very sick. The scorpion closely misses you.
You closely miss the scorpion.
The scorpion is heavily wounded.
You feel sick.
The scorpion stings you but does no damage.
The scorpion stings you.
* * * LOW HITPOINT WARNING * * *
You are more poisoned.
The scorpion poisons you!
Okay, then.
* * * LOW HITPOINT WARNING * * *
You feel very sick.
There is an open door here.
It was a potion of lignification.
You turn into a tree.
Your +0 leather armour melds into your body.
Your roots penetrate the ground.
You die...

.#.....#...#......#
*,,,,,,,
.#.....#...####'###
*,,,,,,,
.#.....#...#......#
*,,,,,,,
.#.....#...#......#
*,,,,,,,
.#.....#...#......#
*,,,,,,,
.#.....#...#......#
*,,,,,,,
.#######...#......#
*,,,,,,, ..# #....#......#
*,,,,,,, ..# ##########♣##
*,,,,,,, <.# *,,.......s.#
*,,,,,,, ..# *,,.........#
*,,,,,,, ### *,{.........#
*,,,,,,, *,,.........#
*,,,,,,, *,,.........#
*,,,,,,,
***###......#*******,,,,,,,
*,,,,###+###.,,,,,,,,,,,,,,
*,,,,,,,,,,*.,,,,,,,,,,,,,,


You could see a scorpion.

Vanquished Creatures
  An orc wizard (D:4)
  7 gnolls
  An adder (D:2)
  An adder skeleton (D:4)
  A worm (D:3)
  2 dart slugs
  2 orcs (D:4)
  5 ball pythons
  5 endoplasms
  2 giant cockroaches (D:1)
  6 goblins
  8 hobgoblins
  2 jackals (D:2)
  7 kobolds
  3 quokkas
  A frilled lizard (D:1)
  9 rats
63 creatures vanquished.

Notes
Turn   | Place    | Note
-------+----------+-------------------------------------------
     0 | D:1      | bjtr the Formicid Earth Elementalist began the quest for
                  | the Orb.
     0 | D:1      | Reached XP level 1. HP: 13/13 MP: 3/3
   442 | D:1      | Reached XP level 2. HP: 19/19 MP: 5/5
   445 | D:1      | Learned a level 2 spell: Passwall
   491 | D:1      | Reached skill level 4 in Earth Magic
  1164 | D:1      | Found a faded altar of an unknown god.
  1172 | D:1      | Reached XP level 3. HP: 24/24 MP: 3/6
  1287 | D:1      | Learned a level 3 spell: Stone Arrow
  1881 | D:2      | Found a glowing silver altar of Zin.
  2256 | D:2      | Reached XP level 4. HP: 28/30 MP: 3/8
  2941 | D:3      | Reached skill level 1 in Armour
  3998 | D:3      | Reached XP level 5. HP: 36/36 MP: 3/9
  4247 | D:3      | Reached skill level 5 in Earth Magic
  4506 | D:4      | Found a staircase to the Ecumenical Temple.
  4541 | Temple   | Entered the Ecumenical Temple
  4666 | Temple   | Became a worshipper of Sif Muna the Loreminder
  4767 | D:4      | Found a sparkling altar of Nemelex Xobeh.
  5285 | D:4      | HP: 1/36 [poisoned by a scorpion]
  5286 | D:4      | Succumbed to a scorpion's poison

Illustrated notes

Levels and vault maps discovered:
D:1:      dpeg_cavernosity, layout_basic, basic_ecumenical_altar
D:2:      layout_loops_ring, basic_altar
D:3:      cheibrodos_greedy_goblins, layout_basic
D:4:      layout_gridville, nemelex_spade_bored_becter,
          minmay_temple_entry_junction_2, serial_shops, nicolae_lakefront_shop,
          st_stairs_2
Temple:   regret_index_temple_waves

Skill      XL: |  1  2  3  4  5 |
---------------+----------------+-----
Dodging        | 2 |  2.4
Earth Magic    | 4 5 |  5.0
Stealth        | 3 |  3.1
Spellcasting   | 3 |  3.5
Armour         | 1 |  1.3
Fighting       | |  0.9
Transmutations | |  1.1

Action                   |  1- 3 |  4- 6 || total
-------------------------+-------+-------++-------
Melee: Unarmed           |     8 |       ||     8
       Whip              |    43 |       ||    43
       Flail             |       |    68 ||    68
       Short sword       |       |     7 ||     7
 Cast: Sandblast         |    37 |    36 ||    73
       Stone Arrow       |     1 |     3 ||     4
       Passwall          |       |     1 ||     1
 Abil: Dig               |     5 |     2 ||     7
  Use: Scroll            |       |     5 ||     5
       Potion            |       |     1 ||     1
 Stab: Sleeping          |     5 |     2 ||     7
Armor: Robe              |     8 |       ||     8
       Leather armour    |     5 |    22 ||    27
Dodge: Dodged            |    42 |    68 ||   110

Table legend: (Time is in decaauts)
 A = Elapsed time spent in this place.
 B = Non-inter-level travel time spent in this place.
 C = Inter-level travel time spent in this place.
 D = Time resting spent in this place.
 E = Time spent auto-exploring this place.
 F = Levels seen in this place.
 G = Mean time per level.
                   A        B        C        D        E       F      G
               +--------+--------+--------+--------+--------+-----+--------+
         Total |   5324 |   5066 |    258 |   1178 |   2863 |   5 | 1064.8 |
       Dungeon |   5167 |   4973 |    194 |   1178 |   2812 |   4 | 1291.8 |
        Temple |    157 |     93 |     64 |      0 |     51 |   1 |  157.0 |
               +--------+--------+--------+--------+--------+-----+--------+

Top non-repeatable levels by time:
     D:1: 1719 daAuts
     D:3: 1714 daAuts
     D:2: 1022 daAuts
     D:4: 711 daAuts
  Temple: 157 daAuts
